 Dungeon Crawl Stone Soup version 0.30-a0-760-g5a9884bb7c (webtiles) character file.

Game seed: 1562362589323614252

1860 cforsyth the Summoner (level 9, 0/45 HPs)
             Began as a Tengu Summoner on Feb 12, 2023.
             Was an Initiate of Gozag.
             Killed from afar by a steam dragon (15 damage)
             ... with a ball of steam
             ... on level 7 of the Dungeon.
             The game lasted 00:13:23 (7565 turns).

cforsyth the Summoner (Tengu Summoner)              Turns: 7565, Time: 00:13:24

Health: 0/45       AC:  4    Str:  9    XL:     9   Next: 13%
Magic:  13/21      EV: 14    Int: 19    God:    Gozag
Gold:   675        SH:  0    Dex: 15    Spells: 10/23 levels left

rFire   . . .      SeeInvis .    (no weapon)
rCold   . . .      Faith    .    (no shield)
rNeg    . . .      Spirit   .    a - +0 robe
rPois   .          Reflect  .    (helmet restricted)
rElec   .          Harm     .    p - +0 cloak
rCorr   .          Rampage  .    i - +0 pair of gloves
Will    .....                    (boots unavailable)
Stlth   ++                       t - amulet of regeneration
HPRegen 1.07/turn                (no ring)
MPRegen 0.17/turn                (no ring)

@: flying quickly and evasively, quick
A: beak, talons 3, nimble flight
a: Renounce Religion, Potion Petition, Call Merchant, Bribe Branch


You were on level 7 of the Dungeon.
You worshipped Gozag.
Gozag was pleased with you.
You visited 2 branches of the dungeon, and saw 8 of its levels.
You also visited: Sewer.

You collected 751 gold pieces.
You paid 76 gold pieces to Gozag.

Inventory:

Armour
 a - a +0 robe (worn)
 i - a +0 pair of gloves (worn)
 p - a +0 cloak (worn)
Jewellery
 t - an amulet of regeneration (around neck)
Wands
 y - a wand of digging (5)
 B - a wand of acid (7)
Scrolls
 c - a scroll of enchant weapon
 d - a scroll of brand weapon {unknown}
 f - 2 scrolls of noise {unknown}
 j - 2 scrolls of fog
 l - 2 scrolls of blinking
 m - a scroll of silence {unknown}
 q - a scroll of poison
 s - a scroll of fear {unknown}
 u - 2 scrolls of torment {unknown}
 w - a scroll of vulnerability {unknown}
 x - a scroll of teleportation
 C - 2 scrolls of identify
 D - a scroll of immolation {unknown}
 F - a scroll of magic mapping {unknown}
Potions
 b - a potion of magic
 e - 5 potions of curing
 g - a potion of haste {unknown}
 h - a potion of cancellation {unknown}
 k - 3 potions of heal wounds
 n - 2 potions of ambrosia
 o - a potion of flight {unknown}
 r - a potion of degeneration {unknown}
 v - a potion of mutation {unknown}
 z - a potion of attraction {unknown}
 A - a potion of invisibility
 E - a potion of lignification {unknown}


   Skills:
 - Level 2.1 Dodging
 - Level 2.0 Stealth
 + Level 7.7 Spellcasting
 + Level 10.9 Summonings


You had 10 spell levels left.
You knew the following spells:

 Your Spells              Type           Power      Damage    Failure   Level
a - Summon Small Mammal   Summ           100%       N/A       1%          1
b - Call Imp              Summ           48%        N/A       1%          2
c - Call Canine Familiar  Summ           48%        N/A       1%          3
d - Summon Guardian Gole  Hex/Summ       28%        N/A       3%          3
e - Summon Lightning Spi  Summ/Air       28%        N/A       10%         4

Your spell library contained the following spells:

 Spells                   Type           Power      Damage    Failure   Level
 Beastly Appendage        Tmut           14%        N/A       10%         1
 Wereblood                Tmut           7%         N/A       14%         2
 Gell's Gravitas          Tloc           7%         N/A       28%         3
 Spider Form              Tmut/Pois      7%         N/A       28%         3
 Teleport Other           Tloc           7%         N/A       28%         3
 Dispersal                Tloc           3%         N/A       100%        6


Dungeon Overview and Level Annotations

Branches:
Dungeon (7/15)             Temple (1/1) D:4           Sewer (visited)

Altars:
Ashenzari
Cheibriados
Elyvilon
Fedhas
Gozag
Kikubaaqudgha
Makhleb
Okawaru
Qazlal
Ru
Sif Muna
Uskayaw
Vehumet
Wu Jian
Xom
Yredelemnul
Zin
The Shining One


Innate Abilities, Weirdness & Mutations

You have a beak for a mouth.
You have claws for feet.
Your magical nature lets you fly swiftly and evasively.


Message History

Casting: Call Canine Familiar (safe; 1% risk of failure)
Confirm with . or Enter, or press ? or * to list all spells.
A beastly little devil appears in a puff of frigid air.
You are engulfed in a cloud of scalding steam.
Casting: Call Imp (safe; 1% risk of failure)
Confirm with . or Enter, or press ? or * to list all spells.
You are engulfed in a cloud of scalding steam.
Your bat hits the steam dragon but does no damage.
The steam dragon breathes steam at you. The ball of steam hits your wolf!
The ball of steam misses you.
Your white imp is engulfed in a cloud of scalding steam.
Your bat barely misses the steam dragon.
Your wolf is engulfed in a cloud of scalding steam.
Your white imp gestures at the steam dragon.
The puff of frost hits the steam dragon!
Your wolf is engulfed in a cloud of scalding steam.
Your wolf dies!
Your wolf's corpse disappears in a puff of smoke!
Your white imp is engulfed in a cloud of scalding steam.
Casting: Summon Small Mammal (safe; 1% risk of failure)
Confirm with . or Enter, or press ? or * to list all spells.
The spell is quite dangerous to miscast (10% risk of failure)!
Continue anyway?
An electric hum fills the air.
Your bat hits the steam dragon.
Your white imp is engulfed in a cloud of scalding steam.
Your white imp dies!
Your white imp disappears in a puff of smoke!
Your bat hits the steam dragon but does no damage.
The steam dragon breathes steam at you. The ball of steam hits you!
* * * LOW HITPOINT WARNING * * *
You hear a shout!
You see here 4 stones.
Your bat is engulfed in a cloud of scalding steam.
Your bat is engulfed in a cloud of scalding steam.
Your bat dies!
Your bat's corpse disappears in a puff of smoke!
The steam dragon breathes steam at you. The ball of steam hits you!
You die...
Your body crumbles into a pile of gold.

....#...........#... ##..##....#
#...#...........#....#...##....#
#...#...........###..##........#
....#.....#########..##........#
....#.....+....................#
....#.....#.........)..........#
....# ........##..####..# ....#
#..##..##..####### ....#
#.@##...'........# #'###
#.§#....#........# ...
+.§#....#........#
#.§##..##....#####
##(.###'####### #.§.D§.D...D...
#......§....... #8..>..........
#.......##...##


You could see a friendly lightning spire (summoned).

Vanquished Creatures
  An adder (Sewer)
  An orc (D:5)
  2 giant cockroaches
  2 goblins (D:1)
  3 jackals (D:1)
  3 kobolds
  2 quokkas (D:3)
  3 ball pythons
  A rat (D:2)
18 creatures vanquished.

Vanquished Creatures (collateral kills)
  A water moccasin (D:6)
  A black bear (D:6)
  An ogre (D:5)
  A phantom (D:4)
  A bullfrog (Sewer)
  3 necrophages
  2 scorpions (D:5)
  3 wights (D:6)
  A hound (D:7)
  A gnoll bouda (D:5)
  2 orc priests
  5 iguanas
  Jessica (D:2)
  6 orc wizards
  Robin (D:3)
  19 gnolls
  8 adders
  2 ufetubi
  3 worms
  20 orcs
  18 ball pythons
  11 endoplasms
  10 giant cockroaches
  12 goblins
  6 hobgoblins
  2 jackals (D:5)
  2 kobolds (D:4)
  12 quokkas
  A bat (D:3)
  7 frilled lizards
  5 rats
168 creatures vanquished.

Vanquished Creatures (others)
  An orc warrior (D:7)
  An orc wizard (D:7)
  2 orcs (D:7)
  A goblin (D:3)
  A plant (D:1)
6 creatures vanquished.

Grand Total: 192 creatures vanquished

Notes
Turn   | Place    | Note
-------+----------+-------------------------------------------
     0 | D:1      | cforsyth the Tengu Summoner began the quest for the Orb.
     0 | D:1      | Reached XP level 1. HP: 10/10 MP: 4/4
   158 | D:1      | Reached skill level 5 in Summonings
   383 | D:1      | Reached XP level 2. HP: 15/15 MP: 4/6
   952 | D:1      | Learned a level 2 spell: Call Imp
  1058 | D:2      | Found an ancient bone altar of Kikubaaqudgha.
  1070 | D:2      | Reached XP level 3. HP: 19/19 MP: 2/7
  1074 | D:2      | Learned a level 3 spell: Call Canine Familiar
  1189 | D:2      | Reached XP level 4. HP: 18/24 MP: 3/9
  1305 | D:2      | Learned a level 3 spell: Summon Guardian Golem
  1367 | D:2      | Noticed Jessica
  1372 | D:2      | Killed Jessica
  1373 | D:2      | Reached skill level 6 in Summonings
  1971 | D:3      | Found a glowing drain.
  2003 | Sewer    | Entered a sewer
  2053 | Sewer    | Gained mutation: Your magical nature lets you fly swiftly
                  | and evasively. [Tengu growth]
  2053 | Sewer    | Reached XP level 5. HP: 28/28 MP: 8/11
  2623 | Sewer    | Reached skill level 7 in Summonings
  2623 | Sewer    | Reached XP level 6. HP: 13/32 MP: 9/13
  2828 | D:3      | Noticed Robin
  2879 | D:3      | Killed Robin
  3678 | D:4      | Found an ornate altar of the Wu Jian Council.
  3726 | D:4      | Found a broken altar of Ashenzari.
  3893 | D:4      | Reached XP level 7. HP: 36/36 MP: 7/15
  3895 | D:4      | Reached skill level 5 in Spellcasting
  4234 | D:4      | Found a shimmering blue altar of Sif Muna.
  4323 | D:4      | Reached skill level 8 in Summonings
  4409 | D:4      | Found a staircase to the Ecumenical Temple.
  4520 | Temple   | Entered the Ecumenical Temple
  4606 | Temple   | Became a worshipper of Gozag Ym Sagoz the Greedy
  4694 | D:5      | Entered Level 5 of the Dungeon
  5489 | D:5      | Reached XP level 8. HP: 41/41 MP: 13/17
  5557 | D:5      | Found an iron altar of Okawaru.
  5578 | D:5      | Found a hide-covered altar of Uskayaw.
  5677 | D:5      | Reached skill level 9 in Summonings
  5823 | D:5      | Found a glowing golden altar of the Shining One.
  6042 | D:6      | Found a snail-covered altar of Cheibriados.
  6052 | D:6      | Found an ancient bone altar of Kikubaaqudgha.
  6099 | D:6      | Found a white marble altar of Elyvilon.
  6099 | D:6      | Found a burning altar of Makhleb.
  6311 | D:6      | Reached skill level 10 in Summonings
  6359 | D:6      | Learned a level 4 spell: Summon Lightning Spire
  7197 | D:7      | Reached XP level 9. HP: 39/45 MP: 11/21
  7565 | D:7      | Killed from afar by a steam dragon

Illustrated notes

Levels and vault maps discovered:
D:1:      dpeg_cavernosity, layout_loops_ring, minmay_shallow_snake_nest
D:2:      layout_loops_ring, basic_altar, minmay_misc_feat_pillars, uniq_jessica
D:3:      layout_loops_cross, portal_sewer_entry_f, minmay_cut_off, uniq_robin
D:4:      layout_gridville, mainiacjoe_overflow_catch_the_wave,
          cheibrodos_ashenzari_chains, minmay_temple_entry_arrows,
          nicolae_underground_beach
D:5:      layout_loops_ring, lemuel_doored_altar,
          mainiacjoe_overflow_large_starburst
D:6:      layout_basic, mainiacjoe_overflow_concentric_impassable,
          chequers_temple_overflow_statue_of_worship,
          chequers_serial_rivers_micro_b
D:7:      layout_gridville, nicolae_overflow_crystal_walls
Temple:   hellmonk_temple_beads

Skill      XL: |  1  2  3  4  5  6  7  8 |
---------------+-------------------------+-----
Summonings     | 5 6 7 8 10 | 10.9
Spellcasting   | 3 4 5 7 |  7.7
Dodging        | |  2.1
Stealth        | |  2.0

Action                     |  1- 3 |  4- 6 |  7- 9 || total
---------------------------+-------+-------+-------++-------
  Melee: Unarmed           |    41 |    40 |    18 ||    99
         Kick              |    13 |     9 |     3 ||    25
         Peck              |     5 |     9 |     4 ||    18
         Punch             |     1 |     2 |       ||     3
   Cast: Summon Small Mamm |    24 |    26 |    46 ||    96
         Call Imp          |     2 |    11 |    23 ||    36
         Call Canine Famil |     3 |    21 |    31 ||    55
         Summon Guardian G |       |       |     1 ||     1
         Summon Lightning  |       |       |     1 ||     1
    Use: Scroll            |       |     6 |     3 ||     9
         Potion            |       |     1 |       ||     1
   Stab: Distracted        |     2 |       |       ||     2
         Sleeping          |     1 |       |       ||     1
 Armour: Robe              |     7 |    23 |    14 ||    44
  Dodge: Dodged            |    33 |    85 |    47 ||   165

Table legend: (Time is in decaauts)
 A = Elapsed time spent in this place.
 B = Non-inter-level travel time spent in this place.
 C = Inter-level travel time spent in this place.
 D = Time resting spent in this place.
 E = Time spent auto-exploring this place.
 F = Levels seen in this place.
 G = Mean time per level.
                   A        B        C        D        E       F      G
               +--------+--------+--------+--------+--------+-----+--------+
         Total |   7262 |   7025 |    237 |    100 |   5135 |   9 |  806.9 |
       Dungeon |   6426 |   6255 |    171 |    100 |   4709 |   7 |  918.0 |
        Temple |    143 |     78 |     65 |      0 |     63 |   1 |  143.0 |
         Sewer |    692 |    692 |      0 |      0 |    363 |   1 |  692.0 |
               +--------+--------+--------+--------+--------+-----+--------+

Top non-repeatable levels by time:
     D:5: 1266 daAuts
     D:1: 990 daAuts
     D:4: 951 daAuts
     D:3: 906 daAuts
     D:2: 882 daAuts
     D:6: 815 daAuts
   Sewer: 692 daAuts
     D:7: 614 daAuts
  Temple: 143 daAuts
